 Dungeon Crawl Stone Soup version 0.30-a0-772-g5528072125 (webtiles) character file.

Game seed: 14265071070879436112

135 NinjaNoafa the Grasshopper (level 4, -2/38 HPs)
             Began as an Armataur Warper on Feb 12, 2023.
             Slain by a gnoll
             ... wielding a +0 spear
              (5 damage)
             ... on level 3 of the Dungeon on Feb 13, 2023.
             The game lasted 00:13:51 (1540 turns).

NinjaNoafa the Grasshopper (Armataur Warper)        Turns: 1540, Time: 00:13:51

Health: -2/38      AC:  4    Str: 16    XL:     4   Next: 96%
Magic:  7/8        EV: 10    Int: 15    God:
Gold:   65         SH:  0    Dex: 16    Spells: 4/8 levels left

rFire   . . .      SeeInvis .    a - +0 falchion
rCold   . . .      Faith    .    (no shield)
rNeg    . . .      Spirit   .    b - +0 leather armour
rPois   .          Reflect  .    (no helmet)
rElec   .          Harm     .    (no cloak)
rCorr   .          Roll     +    (no gloves)
Will    .....                    (no barding)
Stlth   +                        (no amulet)
HPRegen 0.26/turn                j - +6 ring of dexterity
MPRegen 0.11/turn                (no ring)

@: hasted, very quick
A: large, rugged brown scales 3, deformed body, armoured tail, roll, long
tongue, awkward tongue
a: no special abilities


You were on level 3 of the Dungeon.
You visited 1 branch of the dungeon, and saw 3 of its levels.

You collected 65 gold pieces.

Inventory:

Hand Weapons
 a - a +0 falchion (weapon)
Missiles
 d - 7 boomerangs of dispersal
 f - 5 javelins (quivered)
 h - 5 poisoned darts
 m - 2 boomerangs
Armour
 b - a +0 leather armour (worn)
Jewellery
 j - a +6 ring of dexterity (left hand)
Scrolls
 c - a scroll of blinking
 g - a scroll of teleportation {unknown}
 i - a scroll of torment {unknown}
 k - 2 scrolls of identify {unknown}
 n - a scroll of amnesia {unknown}
Potions
 e - a potion of haste
 l - 2 potions of flight {unknown}
 o - a potion of mutation {unknown}
 p - 2 potions of heal wounds {unknown}


   Skills:
 - Level 2.0 Fighting
 - Level 1.7 Long Blades
 - Level 0.8 Throwing
 - Level 1.7 Armour
 - Level 1.9 Dodging
 + Level 2.9 Spellcasting
 + Level 4.3 Translocations


You had 4 spell levels left.
You knew the following spells:

 Your Spells              Type           Power      Damage    Failure   Level
a - Blink                 Tloc           30%        N/A       6%          2
b - Lesser Beckoning      Tloc           30%        N/A       6%          2

Your spell library contained the following spells:

 Spells                   Type           Power      Damage    Failure   Level
 Teleport Other           Tloc           15%        N/A       13%         3
 Vhi's Electric Charge    Tloc/Air       16%        N/A       30%         3
 Manifold Assault         Tloc           15%        N/A       38%         4
 Ozocubu's Armour         Ice            2%         N/A       58%         3
 Ozocubu's Refrigeration  Ice            1%         4d7       100%        7


Dungeon Overview and Level Annotations

Branches:
Dungeon (3/15)

Altars:

Shops:
D:1 !

Annotations:
D:3 Robin


Innate Abilities, Weirdness & Mutations

You are completely covered in rugged brown scales. (AC +3, +7% HP)
Armour fits poorly on your strangely shaped body.
You have a long armoured tail.
You roll when moving toward enemies. (Rampage)
Your long tongue fully drains potion bottles. (2x potion effects)
Your tongue gives you trouble enunciating. (1.5x scroll delay)


Message History

You kill the frilled lizard!
You closely miss the goblin. The goblin hits you but does no damage.
You closely miss the goblin. You barely miss the goblin.
The goblin hits you with a +0 club.
* * * LOW HITPOINT WARNING * * *
Robin hits you from afar with a +0 spear.
* * * LOW HITPOINT WARNING * * *
You miss the goblin. The goblin barely misses you.
Robin throws the goblin at you!
* * * LOW HITPOINT WARNING * * *
You closely miss the goblin. The goblin barely misses you.
The goblin hits you but does no damage.
You hit the goblin.
You kill the goblin!
The goblin closely misses you. Robin throws the goblin at you!
You hit the goblin.
You kill the goblin!
Items here: )))) †††.
Robin roars a battlecry!
The goblins go into a battle-frenzy!
You roll towards the goblin!
You miss the goblin. The goblin misses you.
You barely miss the goblin. Robin throws the goblin at you!
The goblin barely misses you. The goblin hits you with a +0 club.
* * * LOW HITPOINT WARNING * * *
You slash the goblin!
You kill the goblin!
The goblin hits you but does no damage.
You barely miss the hobgoblin. The goblin closely misses you.
The hobgoblin closely misses you.
You closely miss the goblin. You slash the goblin!
You kill the goblin!
The hobgoblin hits you.
* * * LOW HITPOINT WARNING * * *
The gnoll barely misses you. Robin throws the goblin at you!
The goblin hits you but does no damage.
You slash the goblin!
You kill the goblin!
The gnoll hits you from afar with a +0 spear.
You die...

#..g.l..#
##...g..##
.......lg#
###.....g####
#.....g..g#
#.#######)#
#. #g# # #g#
#@# #)# #.#
#.# ... .####
##


You could see Robin, a gnoll and a hobgoblin (strong).

Vanquished Creatures
  A necrophage (D:3)
  An adder (D:2)
  A dart slug (D:1)
  An endoplasm (D:2)
  5 giant cockroaches
  15 goblins
  6 hobgoblins
  4 jackals (D:2)
  7 ball pythons
  5 bats
  4 frilled lizards
  5 kobolds
  4 rats
59 creatures vanquished.

Notes
Turn   | Place    | Note
-------+----------+-------------------------------------------
     0 | D:1      | NinjaNoafa the Armataur Warper began the quest for the Orb.
     0 | D:1      | Reached XP level 1. HP: 18/18 MP: 3/3
   146 | D:1      | Reached XP level 2. HP: 13/25 MP: 4/4
   365 | D:1      | Learned a level 2 spell: Blink
   368 | D:1      | Learned a level 2 spell: Lesser Beckoning
   384 | D:1      | Found Wiufy's Distillery.
   681 | D:1      | Reached XP level 3. HP: 31/31 MP: 6/6
  1356 | D:3      | Noticed a necrophage
  1377 | D:3      | Killed a necrophage
  1378 | D:3      | Reached skill level 4 in Translocations
  1378 | D:3      | Reached XP level 4. HP: 12/38 MP: 6/8
  1497 | D:3      | Noticed Robin
  1540 | D:3      | Slain by a gnoll

Illustrated notes

Levels and vault maps discovered:
D:1:      minmay_arrival_glassed_features, layout_basic, serial_shops, shop,
          dreamdust_mushroom_princess, minmay_crystal_room, minmay_tripent
D:2:      layout_basic
D:3:      layout_loops_ring, grunt_temple_overflow_open,
          minmay_misc_feat_enclosed, nicolae_concentric_dashed_squares_wild,
          minmay_misc_feat_doors, uniq_robin, uniq_natasha

Skill      XL: |  1  2  3 |
---------------+----------+-----
Fighting       | 2 |  2.0
Spellcasting   | 2 |  2.9
Translocations | 4 |  4.3
Long Blades    | |  1.7
Throwing       | |  0.8
Armour         | |  1.7
Dodging        | |  1.9

Action                     |  1- 3 |  4- 6 || total
---------------------------+-------+-------++-------
  Melee: Falchion          |   174 |    24 ||   198
         Tailslap          |    24 |     1 ||    25
   Cast: Lesser Beckoning  |     1 |       ||     1
         Blink             |       |     1 ||     1
    Use: Potion            |       |     1 ||     1
 Armour: Leather armour    |   116 |    10 ||   126
  Dodge: Dodged            |    96 |    14 ||   110

Table legend: (Time is in decaauts)
 A = Elapsed time spent in this place.
 B = Non-inter-level travel time spent in this place.
 C = Inter-level travel time spent in this place.
 D = Time resting spent in this place.
 E = Time spent auto-exploring this place.
 F = Levels seen in this place.
 G = Mean time per level.
                   A        B        C        D        E       F      G
               +--------+--------+--------+--------+--------+-----+--------+
         Total |   1570 |   1295 |    275 |      0 |    198 |   3 |  523.3 |
       Dungeon |   1570 |   1295 |    275 |      0 |    198 |   3 |  523.3 |
               +--------+--------+--------+--------+--------+-----+--------+

Top non-repeatable levels by time:
     D:1: 798 daAuts
     D:2: 586 daAuts
     D:3: 185 daAuts
